 Dungeon Crawl Stone Soup version 0.27.1-3-gb3d3a73c9e (webtiles) character file.

Game seed: 2304850320311907985

553 Crownlay the Cleaver (level 7, -4/57 HPs)
             Began as a Hill Orc Fighter on Oct 20, 2021.
             Slain by an orc warrior (10 damage)
             ... on level 3 of the Dungeon.
             The game lasted 00:08:05 (3981 turns).

Crownlay the Cleaver (Hill Orc Fighter)             Turns: 3981, Time: 00:08:06

Health: -4/57      AC: 12    Str: 21    XL:     7   Next: 29%
Magic:  0/7        EV:  6    Int:  8    God:
Gold:   182        SH:  4    Dex: 10    Spells: 6/6 levels left

rFire    . . .     SeeInvis +   s - +2 hand axe (flame)
rCold    . . .     Faith    .   e - +0 buckler
rNeg     . . .     Spirit   +   x - +0 plate armour
rPois    .         Reflect  .   (no helmet)
rElec    .         Harm     .   (no cloak)
rCorr    .         Rampage  .   o - +0 pair of gloves
Will     .....                  (no boots)
Stlth    ..........             p - amulet of guardian spirit
HPRegen  0.19/turn              j - ring of see invisible
MPRegen  0.10/turn              (no ring)

@: no status effects
A: no striking features
a: no special abilities


You were on level 3 of the Dungeon.
You visited 1 branch of the dungeon, and saw 4 of its levels.

You collected 182 gold pieces.

Inventory:

Hand Weapons
 a - a +0 war axe
 s - a +2 hand axe of flaming (weapon)
Missiles
 n - 15 poisoned darts (quivered)
Armour
 c - a +0 kite shield
 e - a +0 buckler (worn)
 o - a +0 pair of gloves (worn)
 x - a +0 plate armour (worn)
Jewellery
 j - a ring of see invisible (left hand)
 p - an amulet of guardian spirit (around neck)
Wands
 w - a wand of iceblast (12)
Scrolls
 g - 2 scrolls of teleportation {unknown}
 h - a scroll of amnesia {unknown}
 i - 4 scrolls of identify {unknown}
 m - 3 scrolls of immolation {unknown}
 r - a scroll of blinking {unknown}
 u - 2 scrolls of fear {unknown}
 v - a scroll of enchant armour {unknown}
Potions
 d - a potion of might
 f - 2 potions of haste {unknown}
 k - 3 potions of flight {unknown}
 l - 2 potions of heal wounds {unknown}
 q - a potion of degeneration {unknown}
 t - a potion of mutation {unknown}


   Skills:
 - Level 3.6 Fighting
 + Level 9.8 Axes
 - Level 3.2 Armour
 - Level 4.0 Shields


You had 6 spell levels left.
You didn't know any spells.
Your spell library contained the following spells:

 Spells                   Type           Power      Damage    Failure   Level
 Sublimation of Blood     Necr           0%         N/A       100%        2
 Summon Guardian Golem    Hex/Summ       0%         N/A       100%        3
 Petrify                  Tmut/Erth      0%         N/A       100%        4
 Irradiate                Conj/Tmut      0%         3d13      100%        5
 Orb of Destruction       Conj           0%         N/A       100%        7
 Spellforged Servitor     Conj/Summ      0%         N/A       100%        7


Dungeon Overview and Level Annotations

Branches:
Dungeon (4/15)
 Temple: D:4-7

Altars:

Shops:
D:1 (


Message History

The orc warrior is moderately wounded.
The orc warrior looks more healthy.
The orc warrior barely misses you.
Throw: 16 darts (poison)
Press: ? - help, Q - select action, (/) - cycle Shift-Dir - straight line, f/p - orc warrior
Aim: an orc warrior, wielding a +0 scimitar and wearing a +0 plate armour (moderately wounded, 54% to hit)
You throw a poisoned dart. The poisoned dart hits the orc warrior.
The orc warrior is moderately wounded.
The orc warrior hits you with a +0 scimitar.
* * * LOW HITPOINT WARNING * * *
You see here a poisoned dart.
You see here a poisoned dart.
You see here a poisoned dart.
You see here a poisoned dart.
You see here a poisoned dart.
You see here a poisoned dart.
You see here a poisoned dart.
You hit the orc warrior but do no damage.
The orc warrior is lightly wounded.
The orc warrior hits you with a +0 scimitar.
* * * LOW HITPOINT WARNING * * *
You hit the orc warrior. You burn the orc warrior.
The orc warrior is moderately wounded.
The orc warrior hits you with a +0 scimitar.
* * * LOW HITPOINT WARNING * * *
You hit the orc warrior. You burn the orc warrior.
The orc warrior is heavily wounded.
You hit the orc warrior but do no damage.
The orc warrior is heavily wounded.
The orc warrior hits you with a +0 scimitar.
* * * LOW HITPOINT WARNING * * *
You see here a poisoned dart.
You see here a poisoned dart.
You see here a poisoned dart.
You closely miss the orc warrior.
The orc warrior is heavily wounded.
The orc warrior barely misses you.
You hit the orc warrior. You burn the orc warrior.
The orc warrior is heavily wounded.
The orc warrior hits you with a +0 scimitar!
You die...

###########
#..........
#..........
############..........
#..>.@o....'..........
#.#.###(####.......)..
#.#.(...####..........
#.....................
####.##########.......
#....# #.......#
####.######.......#
#......'.......#
########.......#


You could see an orc warrior.

Vanquished Creatures
  Duvessa (D:4)
  A necrophage (D:4)
  Dowan (D:4)
  An orc priest (D:3)
  Jessica (D:2)
  An iguana (D:4)
  2 orc wizards
  2 hound skeletons (D:4)
  7 adders
  An adder zombie (D:1)
  2 worms
  7 orcs
  10 endoplasms
  5 giant cockroaches
  4 goblins
  9 hobgoblins
  4 jackals
  2 quokkas
  5 ball pythons
  6 bats
  A frilled lizard (D:2)
  A giant cockroach zombie (D:1)
  8 kobolds
  3 rats
85 creatures vanquished.

Vanquished Creatures (others)
  2 plants (D:2)
2 creatures vanquished.

Grand Total: 87 creatures vanquished

Notes
Turn   | Place    | Note
-------+----------+-------------------------------------------
     0 | D:1      | Crownlay the Hill Orc Fighter began the quest for the Orb.
     0 | D:1      | Reached XP level 1. HP: 19/19 MP: 1/1
    21 | D:1      | Reached skill level 3 in Axes
   197 | D:1      | Found Neewkooth's Weapon Boutique.
   204 | D:1      | Reached XP level 2. HP: 26/26 MP: 2/2
   411 | D:1      | Found a faded altar of an unknown god.
   411 | D:1      | Noticed a shining eye
   415 | D:1      | Noticed a great orb of eyes
   415 | D:1      | Noticed a golden eye
   415 | D:1      | Noticed a floating eye
   665 | D:1      | Reached XP level 3. HP: 21/31 MP: 3/3
   901 | D:2      | Reached skill level 4 in Axes
  1126 | D:2      | Noticed Jessica
  1133 | D:2      | Killed Jessica
  1134 | D:2      | Reached XP level 4. HP: 21/39 MP: 4/4
  1197 | D:2      | Reached skill level 5 in Axes
  2227 | D:3      | Reached skill level 6 in Axes
  2233 | D:3      | Reached XP level 5. HP: 34/45 MP: 5/5
  2784 | D:3      | Reached skill level 7 in Axes
  2797 | D:3      | Reached XP level 6. HP: 38/51 MP: 6/6
  3124 | D:3      | Found Seuxub's Antique Weapon Shop.
  3319 | D:4      | Noticed a necrophage
  3328 | D:4      | Killed a necrophage
  3329 | D:4      | Reached skill level 8 in Axes
  3352 | D:4      | Noticed Duvessa
  3352 | D:4      | Noticed Dowan
  3369 | D:4      | Killed Duvessa
  3370 | D:4      | Reached skill level 9 in Axes
  3370 | D:4      | Reached XP level 7. HP: 43/57 MP: 4/7
  3383 | D:4      | Killed Dowan
  3863 | D:4      | HP: 2/57 [orc warrior (2)]
  3981 | D:3      | Slain by an orc warrior

Illustrated notes

Levels and vault maps discovered:
D:1:      saegor_arrival_fortress, layout_rooms,
          hellmonk_ecumenical_altar_watching_god, serial_shops, shop_statue,
          minmay_quantized
D:2:      layout_basic, serial_forest, infiniplex_forest_clump_curved,
          infiniplex_forest_straight_2, infiniplex_forest_straight_2,
          infiniplex_forest_lined_3, infiniplex_forest_straight_2,
          infiniplex_forest_end_3, infiniplex_forest_zigzag_1, uniq_jessica
D:3:      layout_basic, serial_shops, shop
D:4:      layout_basic, chequers_decorated_corner, uniq_duvessa

Skill      XL: |  1  2  3  4  5  6 |
---------------+-------------------+-----
Axes           | 3 4 6 7 9 |  9.8
Shields        | 4 |  4.0
Fighting       | |  3.6
Armour         | |  3.2

Action                   |  1- 3 |  4- 6 |  7- 9 || total
-------------------------+-------+-------+-------++-------
Melee: War axe           |    62 |   132 |       ||   194
       Hand axe          |       |    39 |    42 ||    81
Throw: Dart              |       |       |     4 ||     4
Armor: Scale mail        |    34 |    88 |     5 ||   127
       Plate armour      |       |       |     5 ||     5
Dodge: Dodged            |    27 |    80 |     9 ||   116
Block: Buckler           |    10 |    44 |     7 ||    61
